 Dungeon Crawl Stone Soup version 0.23.2 (webtiles) character file.

Game seed: 1925799448337334970

6365 Fang the Fighter (level 10, -6/99 HPs)
             Began as a Gargoyle Berserker on Apr 1, 2019.
             Was a High Priest of Trog.
             Mangled by a two-headed ogre
             ... wielding a +0 giant club
              (10 damage)
             ... on level 10 of the Dungeon.
             The game lasted 00:11:43 (10306 turns).

Fang the Fighter (Gargoyle Berserker)              Turns: 10306, Time: 00:11:44

Health: -6/99      AC: 23    Str: 32    XL:     10   Next: 97%
Magic:  3/3        EV: 11    Int:  9    God:    Trog [*****.]
Gold:   553        SH:  0    Dex:  9    Spells: 9/9 levels left

rFire    . . .     SeeInvis .   i - +2 executioner's axe (antimagic)
rCold    . . .     Gourm    .   (shield currently unavailable)
rNeg     + . .     Faith    .   a - +2 plate armour
rPois    ∞         Spirit   .   (no helmet)
rElec    +         Reflect  .   (no cloak)
rCorr    .         Harm     .   (no gloves)
MR       .....                  (no boots)
Stlth    ..........             (no amulet)
HPRegen  0.26/turn              j - +4 ring of strength
MPRegen  0.08/turn              (no ring)

@: berserking, very slightly contaminated, very quick
A: negative energy resistance 1, electricity resistance, unbreathing,
petrification resistance, rot immunity, AC +7
a: Berserk, Trog's Hand, Brothers in Arms, Renounce Religion


You were on level 10 of the Dungeon.
You worshipped Trog.
Trog was extremely pleased with you.
You were very hungry.

You visited 2 branches of the dungeon, and saw 11 of its levels.
You also visited: Ossuary and Bailey.

You collected 553 gold pieces.

Inventory:

Hand Weapons
 b - a +2 hand axe of venom
 i - a +2 antimagic executioner's axe (weapon)
 t - a +3 war axe
Armour
 a - a +2 plate armour (worn)
Jewellery
 j - a +4 ring of strength (left hand)
Wands
 g - a wand of disintegration (12)
 r - a wand of digging (6)
Scrolls
 d - 4 scrolls of identify
 e - a scroll of blinking
 h - 2 scrolls of remove curse
 k - a scroll of enchant weapon
Potions
 f - 3 potions of heal wounds
 l - a potion of might
 m - 3 potions of haste
 o - 7 potions of curing
 q - a potion of agility
Comestibles
 c - 17 rations


   Skills:
 + Level 9.5 Fighting
 + Level 7.9 Axes
 + Level 9.2 Armour
 + Level 7.0 Dodging


You had 9 spell levels left.
You didn't know any spells.
Your spell library was empty.

Dungeon Overview and Level Annotations

Branches:
Dungeon (10/15)            Temple (1/1) D:7            Lair (0/6) D:9
    Orc: D:9-12

Altars:
Ashenzari
Cheibriados
Dithmenos
Elyvilon
Fedhas
Gozag
Hepliaklqana
Makhleb
Nemelex Xobeh
Okawaru
Uskayaw
Wu Jian
Xom
Yredelemnul
The Shining One

Shops:
D:9 *


Innate Abilities, Weirdness & Mutations

You are resistant to torment.
Your stone body is resilient. (AC +7)
You are immune to poison.
You resist negative energy. (rN+)
You are resistant to electric shocks. (rElec)
You can survive without breathing.
You are immune to petrification.
You are immune to rotting.


Message History

The two-headed ogre hits you but does no damage.
You are too injured to fight recklessly!
A red film seems to cover your vision as you go berserk!
You feel yourself moving faster!
You feel mighty!
You are feeling very hungry.
The two-headed ogre hits you with a +0 giant club!
* * * LOW HITPOINT WARNING * * *
The two-headed ogre closely misses you.
You are too injured to fight recklessly!
You hit the two-headed ogre.
The two-headed ogre is lightly wounded.
The two-headed ogre closely misses you.
The two-headed ogre hits you with a +0 giant spiked club!
* * * LOW HITPOINT WARNING * * *
You slice the two-headed ogre!!
The two-headed ogre is heavily wounded.
You slash the two-headed ogre!
The two-headed ogre is severely wounded.
The two-headed ogre hits you with a +0 giant club!
You die...

######## ###
#......####..####.
#.....$..........
#........@O......
#................
#................
#................
#..........$.....
####..####...###..>
#.....####...# ...
##............. ..
#.............


You could see a two-headed ogre.

Vanquished Creatures
  Prince Ribbit (D:7)
  2 dream sheep (D:9)
  A hippogriff (D:8)
  3 yaks (D:9)
  2 porcupines (D:9)
  5 ice beasts
  3 orc warriors
  4 black bears (D:9)
  A phantom (D:8)
  3 centaurs
  2 ogres (D:9)
  2 crocodiles (D:9)
  6 big kobolds
  5 bullfrogs
  3 scorpions
  4 wights
  An electric eel (D:9)
  8 crimson imps
  A quasit (D:6)
  A bullfrog zombie (D:9)
  2 centaur zombies
  5 hounds
  2 bullfrog skeletons
  6 orc priests
  4 human zombies (Ossuary)
  2 jellies
  9 orc wizards
  2 iguanas
  9 worker ants
  A hound zombie (D:5)
  2 mummies (Ossuary)
  12 adders
  A shadow imp (D:10)
  2 oozes (D:1)
  An adder zombie (Ossuary)
  An adder skeleton (D:7)
  4 dart slugs
  5 leopard geckos
  26 orcs
  7 bats
  7 giant cockroaches
  7 goblins
  5 hobgoblins
  7 jackals
  2 quokkas
  A ball python (D:3)
  5 frilled lizards
  2 goblin zombies (Ossuary)
  5 hobgoblin zombies (Ossuary)
  A jackal skeleton (D:5)
  3 jackal zombies (Ossuary)
  27 kobolds
  11 kobold zombies (Ossuary)
  A leopard gecko skeleton (D:9)
  9 orc zombies (Ossuary)
  12 rats
  A rat zombie (Ossuary)
  A plant (D:9)
268 creatures vanquished.

Vanquished Creatures (collateral kills)
  A hydra (D:9)
  A big kobold (D:9)
2 creatures vanquished.

Vanquished Creatures (others)
  18 fungi (D:9)
18 creatures vanquished.

Grand Total: 288 creatures vanquished

Notes
Turn   | Place    | Note
-------+----------+-------------------------------------------
     0 | D:1      | Fang the Gargoyle Berserker began the quest for the Orb.
     0 | D:1      | Reached XP level 1. HP: 14/14 MP: 1/1
    11 | D:1      | Noticed an electric eel
    11 | D:1      | Noticed an electric eel
   290 | D:1      | Reached XP level 2. HP: 19/19 MP: 2/2
   645 | D:1      | Reached XP level 3. HP: 9/23 MP: 3/3
  1383 | D:2      | Found a sparkling altar of Nemelex Xobeh.
  1522 | D:2      | Reached ** piety under Trog
  1526 | D:2      | Reached XP level 4. HP: 28/29 MP: 4/4
  2426 | D:3      | Noticed an ice beast
  2436 | D:3      | Reached XP level 5. HP: 5/33 MP: 5/5
  2444 | D:3      | Killed an ice beast
  2444 | D:3      | Reached XP level 6. HP: 4/39 MP: 6/6
  3414 | D:4      | Found a blossoming altar of Fedhas.
  3415 | D:4      | Found a basalt altar of Yredelemnul.
  3416 | D:4      | Found a white marble altar of Elyvilon.
  3416 | D:4      | Found a shimmering altar of Xom.
  3636 | D:5      | Entered Level 5 of the Dungeon
  4143 | D:5      | Reached skill level 5 in Fighting
  4143 | D:5      | Reached XP level 7. HP: 29/44 MP: 7/7
  4495 | D:5      | Reached *** piety under Trog
  4956 | D:5      | Reached skill level 5 in Armour
  5413 | D:6      | Reached XP level 8. HP: 13/51 MP: 8/8
  5667 | D:6      | Found a sand-covered staircase.
  5676 | Ossuary  | Entered an ossuary
  5809 | Ossuary  | Reached **** piety under Trog
  5991 | Ossuary  | Reached skill level 5 in Axes
  6547 | D:6      | Found a hazy altar of Hepliaklqana.
  7099 | D:6      | Found a shadowy altar of Dithmenos.
  7099 | D:6      | Found an iron altar of Okawaru.
  7183 | D:7      | Reached ***** piety under Trog
  7187 | D:7      | Reached XP level 9. HP: 56/56 MP: 9/9
  7310 | D:7      | Found a staircase to the Ecumenical Temple.
  7311 | D:7      | You fall through a shaft for 2 floors!
  7320 | D:9      | Reached skill level 5 in Dodging
  7423 | D:9      | HP: 2/57 [black bear (6)]
  7818 | D:8      | Found a flagged portal.
  7850 | Bailey   | Entered a bailey
  8180 | D:8      | Found a glowing golden altar of the Shining One.
  8440 | D:8      | Reached XP level 10. HP: 17/64 MP: 10/10
  8827 | Temple   | Entered the Ecumenical Temple
  8893 | D:7      | Noticed Prince Ribbit
  8905 | D:7      | Killed Prince Ribbit
  8944 | D:7      | Found a glowing golden altar of the Shining One.
  9223 | D:9      | Found Ixecero's Mayhem Merchandise.
  9501 | D:9      | Received a gift from Trog
  9559 | D:9      | Found a staircase to the Lair.
 10138 | D:9      | Noticed a three-headed hydra
 10146 | D:9      | Killed a four-headed hydra
 10194 | D:10     | Entered Level 10 of the Dungeon
 10297 | D:10     | Noticed a two-headed ogre
 10304 | D:10     | HP: 3/99 [two-headed ogre/+0 giant club (17)]
 10306 | D:10     | Mangled by a two-headed ogre

Skill      XL: |  1  2  3  4  5  6  7  8  9 10 |
---------------+-------------------------------+-----
Axes           | 3 4 5 6 7 |  7.9
Dodging        | 2 3 4 5 7 |  7.0
Armour         | 3 4 5 6 7 9 |  9.2
Fighting       | 4 5 6 8 9 |  9.5

Action                   |  1- 3 |  4- 6 |  7- 9 | 10-12 || total
-------------------------+-------+-------+-------+-------++-------
Melee: Hand axe          |   138 |   216 |   463 |   110 ||   927
       War axe           |       |       |   153 |       ||   153
       Executioner's axe |       |       |       |    91 ||    91
Invok: Berserk           |       |     3 |     7 |     4 ||    14
       Trog's Hand       |       |       |     1 |       ||     1
       Brothers in Arms  |       |       |       |     1 ||     1
  Use: Scroll            |       |       |    18 |     3 ||    21
       Potion            |       |       |     1 |       ||     1
  Eat: Chunk             |     2 |    10 |    15 |    10 ||    37
       Ration            |       |       |     2 |       ||     2
Armor: Animal skin       |    44 |    70 |       |       ||   114
       Chain mail        |       |    26 |   337 |       ||   363
       Plate armour      |       |       |   216 |   176 ||   392
Dodge: Dodged            |    88 |   152 |   398 |   116 ||   754
